 Dungeon Crawl Stone Soup version 0.24.1 (webtiles) character file.

Game seed: 3044768621946160574, levelgen mode: deterministic

1698 Chiseanne the Nimble (level 8, -1/42 HPs)
             Began as a Spriggan Warper on Mar 27, 2020.
             Shot with a sling bullet by Joseph (10 damage)
             ... on level 7 of the Dungeon.
             The game lasted 00:13:08 (6461 turns).

Chiseanne the Nimble (Spriggan Warper)              Turns: 6461, Time: 00:13:09

Health: -1/42      AC:  2    Str: 10    XL:     8   Next: 72%
Magic:  19/19      EV: 29    Int: 17    God:
Gold:   315        SH:  0    Dex: 19    Spells: 13/21 levels left

rFire    . . .     SeeInvis +   s - +3 dagger (venom)
rCold    + + .     Gourm    .   (shield restricted)
rNeg     . . .     Faith    .   b - +0 robe
rPois    .         Spirit   .   (helmet restricted)
rElec    .         Reflect  .   (no cloak)
rCorr    .         Harm     .   (gloves unavailable)
MR       +....                  (boots unavailable)
Stlth    +++++.....             B - amulet of magic regeneration
HPRegen  0.14/turn              C - +4 ring of evasion
MPRegen  0.41/turn              x - ring "Qyrusias" {*Corrode rC++ Str+3 Dex+4 Stlth+}

@: lightly drained, very quick
A: very small, unfitting armour, see invisible, herbivore, speed 3, slow
metabolism 2
a: no special abilities


You were on level 7 of the Dungeon.
You were full.

You visited 1 branch of the dungeon, and saw 8 of its levels.

You collected 315 gold pieces.

Inventory:

Hand Weapons
 a - a +0 falchion
 s - a +3 dagger of venom (weapon)
Missiles
 e - 5 boomerangs of dispersal
 g - 60 poisoned darts (quivered)
 h - 147 stones
 n - 80 arrows
Armour
 b - a +0 robe (worn)
Jewellery
 i - a +5 ring of intelligence
 l - an uncursed ring of magical power
 x - the ring "Qyrusias" (right hand) {*Corrode rC++ Str+3 Dex+4 Stlth+}
   (You found it on level 4 of the Dungeon)

   [ring of dexterity]

   It affects your strength (+3).
   It affects your dexterity (+4).
   It greatly protects you from cold.
   It may corrode you when you take damage.
   It makes you more stealthy.
 B - an amulet of magic regeneration (around neck)
 C - a +4 ring of evasion (left hand)
Wands
 k - a wand of paralysis (11)
 p - a wand of disintegration (6)
 t - a wand of random effects (17)
 w - a wand of iceblast (22)
 y - a wand of scattershot (4)
 D - a wand of enslavement (9)
Scrolls
 d - 2 scrolls of blinking
 j - 2 scrolls of remove curse
 u - a scroll of teleportation
 E - a scroll of fear
Potions
 c - 3 potions of lignification
 m - 3 potions of brilliance {unknown}
 o - 2 potions of curing {unknown}
 q - a potion of invisibility {unknown}
 r - a potion of berserk rage {unknown}
 v - a potion of heal wounds {unknown}
 z - 3 potions of degeneration {unknown}
 A - a potion of magic {unknown}
 F - a potion of cancellation {unknown}
Comestibles
 f - 3 rations


   Skills:
 * Level 4.8(4.7) Fighting
 - Level 1.5(1.4) Long Blades
 - Level 1.0(0.8) Throwing
 * Level 8.7(8.5) Dodging
 * Level 8.6(8.4) Stealth
 * Level 7.2(7.0) Spellcasting
 - Level 4.4(4.2) Translocations


You had 13 spell levels left.
You knew the following spells:

 Your Spells              Type           Power        Failure   Level  Hunger
a - Blink                 Tloc           N/A          3%          2    None
b - Shroud of Golubria    Chrm/Tloc      ##....       8%          2    None
c - Passage of Golubria   Tloc           N/A          21%         4    ####...

Your spell library contained the following spells:

 Spells                   Type           Power        Failure   Level  Hunger
 Gell's Gravitas          Tloc           ###.......   6%          3    ##.....
 Lesser Beckoning         Tloc           ###.......   6%          3    ##.....
 Teleport Other           Tloc           ###.....     6%          3    ##.....


Dungeon Overview and Level Annotations

Branches:
Dungeon (8/15)             Temple (0/1) D:5
   Lair: D:8-11

Altars:
Dithmenos
Hepliaklqana
Sif Muna
Wu Jian

Shops:
D:4 !

Annotations:
D:5 exclusion: orc
D:7 Joseph


Innate Abilities, Weirdness & Mutations

You are very small and have problems with some larger weapons.
You are too small for most types of armour.
You have supernaturally acute eyesight. (SInv)
You are a herbivore.
You cover ground extremely quickly.
You need to consume almost no food.


Message History

Joseph barely misses you.
You hit Joseph.
Joseph is moderately wounded.
You hear the rapid hiss of a very distant avalanche of sand.
You completely miss Joseph.
Joseph is moderately wounded.
Joseph hits you with a +0 quarterstaff!
You hit Joseph.
Joseph is heavily wounded.
Joseph closely misses you.
You hit Joseph.
Joseph looks as sick as possible!
Joseph is heavily wounded.
Joseph hits you with a +0 quarterstaff!!
You hit Joseph.
Joseph is severely wounded.
Joseph hits you with a +0 quarterstaff.
* * * LOW HITPOINT WARNING * * *
Joseph unwields a +0 quarterstaff.
Joseph wields a +0 hunting sling.
Joseph shoots a sling bullet.
The sling bullet hits you!
You die...

**,****,,*,,,***,,**,,,*****,,+,,
*,**,,,,,,,*****..#..,,***,,8*,,
**,,,,***,,,**,,,....,,,,**,***+*
,,<*,,* *,,,,,,,,..[#*,,,.#+*,,,,
,,,**,***,,,,**##...##**..#,*****
*,,**,,**.,,,* #.....# *#.#,,8*,,
**,***,,,...,*##..*..####.##,,+,,
**,****,,.....#..##........###*8,
*,,***,,....<..@#..###......##*+
**,,,,,,,.......#..###........#*,
,*,,,***,.##......#@......###.,,,
,,,*****,**#...#..........# ***,,
,,,* *,,* #...##......##.## **,
,,*****,** ##.#.....####...### **
,,***,,,** *.......## *#..#..####
,,,,,,,,,**#....#...**#..##......
,,,,,***,,*,.####...*#..##..####.


You could see Joseph.

Vanquished Creatures
  A hornet (D:8)
  A hippogriff (D:8)
  A black bear (D:6)
  3 ogres
  2 centaurs
  3 scorpions
  A water moccasin skeleton (D:6)
  A wight (D:7)
  A howler monkey (D:8)
  3 crimson imps
  A centaur zombie (D:8)
  3 hounds
  An orc wizard (D:6)
  Ijyb (D:3)
  5 worker ants
  A worker ant zombie (D:8)
  A howler monkey skeleton (D:4)
  6 adders
  An adder zombie (D:7)
  An adder skeleton (D:5)
  3 worms
  6 orcs
  3 giant cockroaches
  2 goblins
  4 hobgoblins
  3 jackals (D:3)
  6 quokkas
  2 ball pythons
  3 bats
  3 frilled lizards
  6 kobolds
  3 rats (D:1)
82 creatures vanquished.

Notes
Turn   | Place    | Note
-------+----------+-------------------------------------------
     0 | D:1      | Chiseanne the Spriggan Warper began the quest for the Orb.
     0 | D:1      | Reached XP level 1. HP: 10/10 MP: 5/5
     6 | D:1      | Noticed a salamander
     6 | D:1      | Noticed a redback
     6 | D:1      | Noticed a swamp worm
     6 | D:1      | Noticed a black bear
   635 | D:1      | Reached skill level 1 in Stealth
   953 | D:1      | Reached XP level 2. HP: 15/15 MP: 6/6
  1615 | D:2      | Found an ornate altar of the Wu Jian Council.
  2230 | D:2      | Reached XP level 3. HP: 12/18 MP: 8/8
  2686 | D:2      | Learned a level 2 spell: Blink
  2689 | D:2      | Learned a level 2 spell: Shroud of Golubria
  3083 | D:3      | Noticed Ijyb
  3095 | D:3      | Killed Ijyb
  3095 | D:3      | Reached XP level 4. HP: 19/23 MP: 10/10
  3763 | D:3      | Found a hazy altar of Hepliaklqana.
  3764 | D:3      | Found a shadowy altar of Dithmenos.
  3928 | D:4      | Reached skill level 5 in Dodging
  3928 | D:4      | Reached XP level 5. HP: 27/27 MP: 12/12
  4119 | D:4      | Got a twitching tin ring
  4132 | D:4      | Identified the ring "Qyrusias" {*Corrode rC++ Str+3 Dex+4
                  | Stlth+} (You found it on level 4 of the Dungeon)
  4473 | D:4      | Reached XP level 6. HP: 32/32 MP: 13/13
  4477 | D:4      | Found Diguts's Distillery.
  4849 | D:5      | Entered Level 5 of the Dungeon
  4955 | D:5      | Reached skill level 5 in Stealth
  5106 | D:5      | Learned a level 4 spell: Passage of Golubria
  5171 | D:5      | Found a staircase to the Ecumenical Temple.
  5211 | D:5      | Reached skill level 5 in Spellcasting
  5283 | D:5      | Reached XP level 7. HP: 36/36 MP: 15/15
  5731 | D:6      | You fall into a shaft and drop 1 floor!
  5757 | D:6      | Found a shimmering blue altar of Sif Muna.
  5877 | D:6      | You fall into a shaft and drop 2 floors!
  5888 | D:8      | Noticed a cyclops
  5889 | D:8      | Noticed a hippogriff
  5889 | D:8      | Noticed a two-headed ogre
  5932 | D:8      | Reached XP level 8. HP: 34/42 MP: 18/18
  6078 | D:8      | Noticed a two-headed ogre
  6114 | D:8      | Noticed a hornet
  6121 | D:8      | Killed a hornet
  6149 | D:8      | Killed a hippogriff
  6439 | D:7      | Noticed Joseph
  6461 | D:7      | Shot with a sling bullet by Joseph

Levels and vault maps discovered:
D:1:      onia_arrival_zoo_common, layout_basic
D:2:      layout_basic, nicolae_overflow_crystal_walls, serial_rivers,
          chequers_serial_rivers_micro_c, chequers_serial_rivers_small_b,
          chequers_serial_rivers_marsh, chequers_serial_rivers_room_b,
          chequers_serial_rivers_room_b, chequers_serial_rivers_small_a,
          first_ration, minmay_misc_feat_x
D:3:      layout_loops_cross, gammafunk_temple_overflow_pools, moated_statue,
          uniq_ijyb
D:4:      layout_basic, serial_shops, kennysheep_mini, chequers_jeans
D:5:      layout_basic, minmay_temple_entry_glassed_door
D:6:      layout_loops_cross, marbit_many_paths,
          minmay_a_box_with_orc_wizards_in_it
D:7:      minmay_chambers_of_sixes, layout_layer_cave, fedhas_altar_fruit_tree,
          lightli_ossuary_entry_decrepit_ruins, serial_undead, serial_undead_a,
          serial_undead_c, serial_undead_b, serial_undead_e, serial_undead_e,
          uniq_joseph
D:8:      layout_rooms, hangedman_little_slice_of_home, nzn_random_ring

Skill      XL: |  1  2  3  4  5  6  7  8 |
---------------+-------------------------+-----
Stealth        | 1 2 3 4 5 7 8 |  8.6
Spellcasting   | 3 4 5 6 7 |  7.2
Fighting       | 2 3 4 |  4.8
Dodging        | 4 5 6 7 8 |  8.7
Long Blades    | |  1.5
Throwing       | |  1.0
Translocations | |  4.4

Action                   |  1- 3 |  4- 6 |  7- 9 || total
-------------------------+-------+-------+-------++-------
Melee: Falchion          |    33 |     9 |    26 ||    68
       Dagger            |    55 |   112 |    72 ||   239
Throw: Dart              |       |    10 |       ||    10
 Cast: Shroud of Golubri |       |       |     1 ||     1
Evoke: Wand              |       |     4 |       ||     4
  Use: Scroll            |     9 |       |     4 ||    13
 Stab: Sleeping          |     3 |    10 |    14 ||    27
       Distracted        |       |       |     1 ||     1
  Eat: Ration            |       |     3 |     1 ||     4
Armor: Robe              |     7 |     2 |     5 ||    14
Dodge: Dodged            |    82 |    85 |   118 ||   285
       Rpst.: Falchion   |    11 |     2 |    20 ||    33
